AoeStats
← mauriciorua26

Black Forest

511082145Analyzed
4v4 RM · 6h ago on Oct 3, 2026· 42m 29s· 8 players
Game mode
Random Map
Map size
Large (8 player)
Population
200
Speed
Normal
Resources
Standard
Victory
Conquest
Starting age
Dark Age
Ending age
Imperial Age
RankedLock teamsTeams togetherTeam positionsShared explorationLock speedFull tech treeHidden civsTurbo modeCheats
Victory
Defeat
🇹🇷 Tatars · Türkiye
1145
+14
🇨🇦 Armenians · Canada
1085
+17
🇺🇸 Berbers · United States
1078
+17
🇹🇷 Khmer · Türkiye
1021
+20
🇨🇴 Romans · Colombia
1132
-18
🇦🇷 Magyars · Argentina
1126
-18
🇦🇷 Turks · Argentina
1096
-17
🇨🇴 Varangians · Colombia
1053
-15
PuneMahaWarrior
1:07 Loom
11:19 Feudal Age
16:54 Castle Age
15:32 Double-Bit Axe
15:30 Horse Collar
18:06 Bow Saw
21:51 Town Watch
22:15 Stone Mining
23:14 Gold Mining
24:36 Wheelbarrow
25:21 Stone Shaft Mining
26:12 Hand Cart
26:47 Gold Shaft Mining
27:04 Kasbah
27:51 Fletching
32:05 Imperial Age
30:00 Padded Archer Armor
30:22 Bodkin Arrow
30:48 Husbandry
32:14 Ballistics
32:43 Fortified Wall
33:44 Conscription
33:36 Siege Engineers
34:04 Bracer
36:35 Chemistry
36:08 Maghrebi Camels
37:36 Bloodlines
37:33 Scale Barding Armor
36:55 Light Cavalry
38:07 Forging
37:31 Elite Camel Archer
40:37 Chain Barding Armor
39:38 Hussar
40:54 Iron Casting
42:03 Plate Barding Armor
eward17
11:58 Feudal Age
12:39 Double-Bit Axe
15:51 Castle Age
14:07 Horse Collar
16:49 Bow Saw
16:55 Heavy Plow
18:05 Wheelbarrow
21:59 Hand Cart
22:23 Stone Mining
23:31 Gold Mining
26:07 Gold Shaft Mining
28:37 Imperial Age
26:10 Scale Mail Armor
26:20 Forging
27:24 Chain Mail Armor
27:19 Forging
27:53 Gambesons
27:29 Man-at-Arms
28:09 Squires
27:55 Arson
27:53 Pikeman
28:49 Long Swordsman
28:52 Halberdier
29:20 Arson
29:54 Fereters
30:28 Plate Mail Armor
30:33 Iron Casting
31:55 Loom
31:55 Town Watch
31:41 Two-Handed Swordsman
34:26 Blast Furnace
33:17 Fletching
33:32 Champion
Prusias
0:36 Loom
12:38 Feudal Age
16:14 Castle Age
14:12 Double-Bit Axe
16:15 Scale Barding Armor
17:33 Bow Saw
17:28 Fletching
24:49 Chain Barding Armor
25:22 Bloodlines
25:12 Husbandry
26:13 Forging
27:37 Husbandry
28:39 Iron Casting
29:49 Bodkin Arrow
33:54 Imperial Age
33:05 Wheelbarrow
32:13 Horse Collar
34:44 Hand Cart
34:41 Heavy Plow
35:43 Plate Barding Armor
36:09 Blast Furnace
34:32 Heavy Camel Rider
34:40 Elite Steppe Lancer
36:20 Silk Armor
37:49 Conscription
38:11 Crop Rotation
37:37 Town Watch
38:53 Gold Mining
38:56 Stone Mining
39:11 Bracer
41:14 Caravan
41:47 Coinage
41:28 Guilds
41:56 Gold Shaft Mining
41:01 Light Cavalry
YemYesiL
0:55 Loom
14:54 Feudal Age
18:06 Castle Age
17:12 Double-Bit Axe
17:13 Horse Collar
31:38 Imperial Age
34:14 Imperial Age
36:03 Gold Mining
40:38 Stone Mining
mauriciorua26
0:28 Loom
14:17 Feudal Age
18:09 Castle Age
17:08 Double-Bit Axe
17:06 Horse Collar
21:00 Bow Saw
29:53 Imperial Age
27:29 Gold Mining
28:46 Wheelbarrow
29:08 Heavy Plow
29:30 Caravan
33:05 Bloodlines
32:58 Husbandry
32:44 Vendel Legacy
35:02 Chemistry
34:23 Ballistics
34:20 Forging
33:47 Cavalier
35:28 Fletching
35:39 Padded Archer Armor
35:45 Elite Skirmisher
37:43 Crop Rotation
38:14 Two-Man Saw
37:42 Bodkin Arrow
38:06 Leather Archer Armor
38:27 Iron Casting
37:53 Scale Mail Armor
38:00 Scale Barding Armor
40:31 Bracer
41:02 Ring Archer Armor
Arthedain
4:02 Loom
13:22 Feudal Age
17:22 Castle Age
15:33 Horse Collar
15:42 Double-Bit Axe
16:58 Gold Mining
17:13 Man-at-Arms
17:59 Long Swordsman
21:53 Squires
30:27 Imperial Age
28:35 Wheelbarrow
27:41 Pikeman
29:05 Fortified Wall
29:30 Scale Mail Armor
29:32 Stone Mining
30:57 Hand Cart
32:26 Masonry
32:45 Heavy Plow
34:30 Conscription
34:31 Legionary
36:56 Ballistas
37:56 Architecture
37:45 Bow Saw
38:11 Chain Mail Armor
38:20 Forging
39:37 Ballistics
40:21 Chemistry
40:20 Iron Casting
39:58 Fletching
40:57 Siege Engineers
40:53 Capped Ram
41:48 Heavy Scorpion
Jota
6:48 Loom
12:34 Feudal Age
16:48 Castle Age
25:23 Scale Barding Armor
26:17 Bloodlines
30:48 Wheelbarrow
30:40 Chain Barding Armor
32:49 Hand Cart
39:28 Imperial Age
Delorean
0:35 Loom
12:48 Feudal Age
18:50 Castle Age
16:42 Double-Bit Axe
23:08 Imperial Age
20:59 Bow Saw
21:08 Gold Mining
23:51 Gold Shaft Mining
28:20 Two-Man Saw
33:54 Horse Collar
34:54 Wheelbarrow
36:16 Heavy Plow
37:17 Stone Mining
Connection lost

Rejoining the realm…

Still unreachable

The connection could not be restored.

Session expired

The server has moved on; the page needs a fresh start.